 Dungeon Crawl Stone Soup version 0.18-a0-1577-gf591c28 (webtiles) character file.

21 Ijustatesigmund the Insei (level 2, -3/30 HPs)
             Began as an Octopode Transmuter on Mar 17, 2016.
             Slain by Sigmund
             ... wielding a +0 scythe
              (8 damage)
             ... on level 2 of the Dungeon.
             The game lasted 00:02:58 (1219 turns).

Ijustatesigmund the Insei (Octopode Transmuter)     Turns: 1219, Time: 00:02:58

Health: -3/30      AC: 21    Str:  9    XL:     2   Next: 87%
Magic:  2/5        EV:  2    Int: 15    God:
Gold:   29         SH:  0    Dex: 12    Spells: 2 memorised, 2 levels left

rFire  . . .     SeeInvis .       - Unarmed
rCold  . . .     Gourm    .     (no shield)
rNeg   + + +     Faith    .     (helmet currently unavailable)
rPois  +         Spirit   .     (no amulet)
rElec  .         Dismiss  .     (no ring)
rCorr  .         Reflect  .     (no ring)
SustAt .         Harm     .     (no ring)
MR     .....     NoTele   +     (no ring)
Stlth  +.........               (no ring)
                                (no ring)
                                (no ring)
                                (no ring)

@: tree-form, not resistant to hostile enchantments, very unstealthy
A: almost no armour, (amphibious), 8 rings, (constrict 8), (camouflage 0),
(gelatinous body 0)
a: no special abilities


You were on level 2 of the Dungeon.
You were not hungry.
You were a tree.
You visited 1 branch of the dungeon, and saw 2 of its levels.

You collected 29 gold pieces.

Inventory:

Missiles
 a - 10 arrows
Books
 b - a book of Changes

   Spells                             Type                      Level
   a - Beastly Appendage              Transmutation                1
   b - Sticks to Snakes               Transmutation                2
   c - Spider Form                    Transmutation/Poison         3
   d - Ice Form                       Ice/Transmutation            4
   e - Blade Hands                    Transmutation                5
Comestibles
 c - a bread ration


   Skills:
 + Level 2.6 Fighting
 - Level 2.0 Dodging
 + Level 3.1 Unarmed Combat
 - Level 2.0 Spellcasting
 - Level 2.0 Transmutations


You had 2 spell levels left.
You knew the following spells:

 Your Spells              Type           Power        Failure   Level  Hunger
a - Beastly Appendage     Trmt           #.....       12%         1    #......
b - Sticks to Snakes      Trmt           #.......     14%         2    ###....


Dungeon Overview and Level Annotations

Branches:
Dungeon (2/15)

Altars:

Annotations:
D:2 Sigmund


Innate Abilities, Weirdness & Mutations

You cannot wear most types of armour.
((You are amphibious.))
You can wear up to eight rings at the same time.
((You can use your tentacles to constrict eight enemies at once.))
((Your skin changes colour to match your surroundings (Stealth).))
((Your rubbery body absorbs attacks (AC +1).))


Message History

Drink which item? (? for menu, Esc to quit)
You turn into a tree.
Your roots penetrate the ground.
You hear some strange, mumbled words.
You are confused.
You cannot move. (Use ctrl+direction to attack without moving.)
You cannot move. (Use ctrl+direction to attack without moving.)
You cannot move. (Use ctrl+direction to attack without moving.)
You cannot move. (Use ctrl+direction to attack without moving.)
You cannot move. (Use ctrl+direction to attack without moving.)
You swing at nothing.
Something hits you but does no damage.
You hit something.
You nearly hit yourself!
Something hits you but does no damage.
You hit something. Something hits you.
* * * LOW HITPOINT WARNING * * *
You hit something but do no damage. Your punch misses something.
You swing at nothing.
Something hits you but does no damage.
You nearly hit yourself!
You feel less confused. Something hits you!
You die...

#.........# #
#.........##..#
#..............
#.........###.#
#####...### .#
###...## .##
###..##..#
##..#..####
#######.♣{....#
...........##.#
......####.....
.....# ###...
..... .. .... .
... ...


There were no monsters in sight!

Vanquished Creatures
  A giant gecko (D:1)
  6 goblins (D:1)
  A hobgoblin (D:1)
  3 jackals
  4 kobolds
  4 rats (D:1)
19 creatures vanquished.

Notes
Turn   | Place    | Note
--------------------------------------------------------------
     0 | D:1      | Ijustatesigmund the Octopode Transmuter began the quest for the Orb.
     0 | D:1      | Reached XP level 1. HP: 13/13 MP: 3/3
   335 | D:1      | Reached XP level 2. HP: 19/19 MP: 5/5
   339 | D:1      | Learned a level 2 spell: Sticks to Snakes
  1062 | D:2      | Noticed Sigmund
  1219 | D:2      | Slain by Sigmund

Vault maps used:
D:1:      lightli_arrival_noodles, hangedman_decor_growths,
          corexii_item_surrounded_by_moat
D:2:      roderic_roman_lattice, uniq_sigmund

Skill      XL: |  1 |
---------------+----+-----
Fighting       | 2 |  2.6
Dodging        | |  2.0
Unarmed Combat | |  3.1
Spellcasting   | |  2.0
Transmutations | |  2.0

Action                   || total
-------------------------++-------
Melee: Unarmed           ||    49
 Cast: Beastly Appendage ||     5
       Sticks to Snakes  ||     2
  Use: Scroll            ||     4
       Potion            ||     2
 Stab: Sleeping          ||     6
  Eat: Bread ration      ||     1
